 Dungeon Crawl Stone Soup version 0.30-a0-154-gb106f4c828 (webtiles) character file.

Game seed: 3360529841714869009

35 Decritt the Trooper (level 3, 29/29 HPs)
             Began as a Demonspawn Fighter on Sept 27, 2022.
             Quit the game on level 2 of the Dungeon.
             The game lasted 00:01:37 (1505 turns).

Decritt the Trooper (Demonspawn Fighter)            Turns: 1505, Time: 00:01:37

Health: 29/29      AC:  6    Str: 18    XL:     3   Next: 17%
Magic:  3/3        EV:  9    Int: 13    God:
Gold:   38         SH:  4    Dex: 12    Spells: 2/2 levels left

rFire   . . .      SeeInvis .    a - +0 war axe
rCold   . . .      Faith    .    c - +0 buckler
rNeg    . . .      Spirit   .    b - +0 scale mail
rPois   .          Reflect  .    (no helmet)
rElec   .          Harm     .    (no cloak)
rCorr   .          Rampage  .    (no gloves)
Will    .....                    (no boots)
Stlth   ..........               (no amulet)
HPRegen 0.09/turn                (no ring)
MPRegen 0.08/turn                (no ring)

@: no status effects
A: big brain 2
a: no special abilities


You were on level 2 of the Dungeon.
You visited 1 branch of the dungeon, and saw 2 of its levels.

You collected 38 gold pieces.

Inventory:

Hand Weapons
 a - a +0 war axe (weapon)
Armour
 b - a +0 scale mail (worn)
 c - a +0 buckler (worn)
Jewellery
 f - a ring of ice
Scrolls
 e - a scroll of noise {unknown}
 g - a scroll of identify {unknown}
 h - a scroll of immolation {unknown}
Potions
 d - a potion of might
 i - a potion of ambrosia {unknown}


   Skills:
 * Level 3.4 Fighting
 * Level 2.3 Axes
 + Level 2.8 Armour
 + Level 0.5 Dodging
 + Level 2.9 Shields


You had 2 spell levels left.
You didn't know any spells.
Your spell library was empty.

Dungeon Overview and Level Annotations

Branches:
Dungeon (2/15)

Altars:


Innate Abilities, Weirdness & Mutations

You have an extremely huge brain. (Int +4)


Message History

The adder bites you but does no damage.
You climb upwards.
There is a stone staircase leading down here.
You closely miss the kobold. You hit the endoplasm but do no damage.
The endoplasm hits you.
* * * LOW HITPOINT WARNING * * *
The kobold hits you but does no damage. The endoplasm freezes you.
You are frozen.
* * * LOW HITPOINT WARNING * * *
The kobold hits you with a +0 short sword.
* * * LOW HITPOINT WARNING * * *
You slash the endoplasm!
You kill the endoplasm!
You hit the kobold. The kobold hits you but does no damage.
You completely miss the kobold.
The kobold is moderately wounded.
The kobold hits you but does no damage. You block the kobold's attack.
You hit the kobold.
You kill the kobold!
You start resting.
HP restored.
You start waiting.
Done waiting.
You start waiting.
Done waiting.
You climb downwards.
The kobold closely misses you. The adder bites you but does no damage.
You block the kobold's attack. The adder bites you but does no damage.
There is a stone staircase leading up here.
You slash the adder!
You kill the adder!
You hit the kobold. The kobold closely misses you.
A ball python comes into view.
You have reached level 3!
Your experience leads to an increase in your attributes!
Increase (S)trength, (I)ntelligence, or (D)exterity?
You feel stronger. x2; Your demonic ancestry asserts itself...
Your brain expands.
Are you sure you want to abandon this character and quit the game? (Confirm with "yes".)

#..... ......
#......
###...[...
####...#.....
##.....รท...#
##.........##
#...........#
#.K@........#
#.........<.#
##............
##...#.......#
#######.....#
.S... ...


You could see a ball python (wandering) and a kobold.

Vanquished Creatures
  An adder (D:2)
  A dart slug (D:1)
  4 bats (D:1)
  4 endoplasms (D:1)
  2 giant cockroaches (D:1)
  3 goblins (D:1)
  2 kobolds (D:1)
  A ball python (D:1)
  3 frilled lizards (D:1)
  2 rats
23 creatures vanquished.

Notes
Turn   | Place    | Note
-------+----------+-------------------------------------------
     0 | D:1      | Decritt the Demonspawn Fighter began the quest for the Orb.
     0 | D:1      | Reached XP level 1. HP: 18/18 MP: 1/1
   307 | D:1      | Gained mutation: You have an unusually large brain. (Int
                  | +2) [demonic ancestry]
   307 | D:1      | Reached XP level 2. HP: 24/24 MP: 2/2
  1505 | D:2      | Gained mutation: You have an extremely huge brain. (Int +4)
                  | [demonic ancestry]
  1505 | D:2      | Reached XP level 3. HP: 29/29 MP: 3/3
  1505 | D:2      | Quit the game

Illustrated notes

Levels and vault maps discovered:
D:1:      dpeg_arrival_rooms_b, layout_loops_corners
D:2:      layout_rooms, shapermc_ecumenical_altar_venn, basic_altar,
          skrybe_limestone_x

Skill      XL: |  1 |
---------------+----+-----
Axes           | 2 |  2.3
Fighting       | |  3.4
Armour         | |  2.8
Dodging        | |  0.5
Shields        | |  2.9

Action                   || total
-------------------------++-------
Melee: War axe           ||    53
Armor: Scale mail        ||    48
Dodge: Dodged            ||    31
Block: Buckler           ||    18

Table legend: (Time is in decaauts)
 A = Elapsed time spent in this place.
 B = Non-inter-level travel time spent in this place.
 C = Inter-level travel time spent in this place.
 D = Time resting spent in this place.
 E = Time spent auto-exploring this place.
 F = Levels seen in this place.
 G = Mean time per level.
                   A        B        C        D        E       F      G
               +--------+--------+--------+--------+--------+-----+--------+
         Total |   1529 |   1481 |     48 |    449 |    878 |   2 |  764.5 |
       Dungeon |   1529 |   1481 |     48 |    449 |    878 |   2 |  764.5 |
               +--------+--------+--------+--------+--------+-----+--------+

Top non-repeatable levels by time:
     D:1: 1510 daAuts
     D:2: 18 daAuts
